 Dungeon Crawl Stone Soup version 0.26-a0-1026-g544776af23 (webtiles) character file.

Game seed: 2902286686152048321

114 lunkers the Sneak (level 4, -3/23 HPs)
             Began as a Vine Stalker Brigand on Dec 9, 2020.
             Slain by a kobold
             ... wielding a +0 short sword
              (4 damage)
             ... on level 3 of the Dungeon.
             The game lasted 00:03:59 (1977 turns).

lunkers the Sneak (Vine Stalker Brigand)            Turns: 1977, Time: 00:04:00

Health: -3/23      AC:  3    Str: 14    XL:     4   Next: 97%
Magic:  0/5        EV: 11    Int: 11    God:
Gold:   150        SH:  4    Dex: 16    Spells: 3/3 levels left

rFire    . . .     SeeInvis .   a - +2 dagger
rCold    . . .     Faith    .   o - +0 buckler
rNeg     . . .     Spirit   +   b - +0 robe
rPois    .         Reflect  .   (no helmet)
rElec    .         Harm     .   c - +0 cloak
rCorr    .         Rampage  .   (no gloves)
Will     .....                  (no boots)
Stlth    +++.......             (no amulet)
HPRegen  0.47/turn              p - ring of flight
MPRegen  0.09/turn              (no ring)

@: no status effects
A: fangs 2, regeneration 1, magic shield, antimagic bite, no potion heal 3, rot
immunity
a: Evoke Flight


You were on level 3 of the Dungeon.
You visited 1 branch of the dungeon, and saw 3 of its levels.

You collected 150 gold pieces.

Inventory:

Hand Weapons
 a - a +2 dagger (weapon)
Missiles
 d - 15 poisoned darts (quivered)
 e - 2 curare-tipped darts {=f}
Armour
 b - a +0 robe (worn)
 c - a +0 cloak (worn)
 o - a +0 buckler (worn)
Jewellery
 p - a ring of flight (left hand)
Scrolls
 f - 7 scrolls of identify {unknown}
 g - a scroll of amnesia {unknown}
 h - 2 scrolls of remove curse {unknown}
 m - a scroll of teleportation {unknown}
 n - a scroll of fog {unknown}
 r - a scroll of enchant weapon {unknown}
Potions
 i - a potion of cancellation {unknown}
 j - 3 potions of berserk rage {unknown}
 k - a potion of heal wounds {unknown}
 l - 2 potions of invisibility {unknown}
 q - a potion of brilliance {unknown}


   Skills:
 + Level 2.8 Fighting
 * Level 3.8 Short Blades
 - Level 1.7 Throwing
 - Level 0.7 Dodging
 - Level 4.8 Stealth
 + Level 0.3 Shields


You had 3 spell levels left.
You didn't know any spells.
Your spell library was empty.

Dungeon Overview and Level Annotations

Branches:
Dungeon (3/15)

Altars:
Ru


Innate Abilities, Weirdness & Mutations

You have extremely sharp teeth.
Your natural rate of healing is unusually fast.
When hurt, damage is shared between your health and your magic reserves.
Your bite disrupts and absorbs the magic of your enemies.
Potions cannot restore your health.
You are immune to rotting.


Message History

The centaur barely misses you. The kobold misses you.
You hit the centaur but do no damage.
The centaur is lightly wounded.
The centaur hits you!
* * * LOW HITPOINT WARNING * * *
The kobold hits you with a +0 short sword.
* * * LOW MAGIC WARNING * * *
* * * LOW HITPOINT WARNING * * *
The centaur hits you but does no damage.
Okay, then.
You hit the centaur but do no damage.
The centaur is lightly wounded.
The centaur hits you but does no damage.
The kobold hits you with a +0 short sword.
* * * LOW HITPOINT WARNING * * *
You hit the centaur.
The centaur is moderately wounded.
You block the centaur's attack.
The kobold hits you with a +0 short sword.
You die...

#.........+.# #.#
#.........#.###.#####
#.............#.....#
#...........# #####.#
#..†........#
#...........#
#...........#
#..[...K.$..#
#.......@.#..#
#.#######c# ## #. .#
# .# .# .# .. ..


You could see a centaur and a kobold.

Vanquished Creatures
  A gnoll (D:1)
  2 adders (D:2)
  An ooze (D:1)
  2 dart slugs
  A ball python (D:1)
  3 giant cockroaches
  8 goblins
  11 hobgoblins
  8 jackals
  7 kobolds
  2 quokkas (D:2)
  9 bats
  4 frilled lizards (D:2)
  9 rats
68 creatures vanquished.

Notes
Turn   | Place    | Note
-------+----------+-------------------------------------------
     0 | D:1      | lunkers the Vine Stalker Brigand began the quest for the
                  | Orb.
     0 | D:1      | Reached XP level 1. HP: 11/11 MP: 2/2
    65 | D:1      | Reached XP level 2. HP: 15/15 MP: 3/3
   424 | D:1      | Reached XP level 3. HP: 18/18 MP: 4/4
   869 | D:1      | Gained mutation: Your natural rate of healing is unusually
                  | fast. [Vine Stalker growth]
   869 | D:1      | Reached XP level 4. HP: 21/23 MP: 2/5
  1449 | D:2      | Found a sacrificial altar of Ru.
  1970 | D:3      | Noticed a centaur
  1975 | D:3      | HP: 1/23 [kobold/+0 short sword (4)]
  1977 | D:3      | Slain by a kobold

Illustrated notes

Levels and vault maps discovered:
D:1:      dpeg_arrival_solitude, layout_rooms, serial_corexii_hall,
          corexii_hall_statues_u, chequers_hall_statues_wall_a,
          corexii_hall_statues_i, corexii_hall_statues_l
D:2:      layout_loops_ring, lemuel_crystal_altar, minmay_tripent
D:3:      layout_basic

Skill      XL: |  1  2  3 |
---------------+----------+-----
Short Blades   | 2 3 |  3.8
Fighting       | 2 |  2.8
Throwing       | |  1.7
Dodging        | |  0.7
Stealth        | |  4.8
Shields        | |  0.3

Action                   |  1- 3 |  4- 6 || total
-------------------------+-------+-------++-------
Melee: Dagger            |    71 |    98 ||   169
       Bite              |    15 |    25 ||    40
Throw: Dart              |    30 |     7 ||    37
 Stab: Sleeping          |     6 |     6 ||    12
Armor: Robe              |    17 |    12 ||    29
Dodge: Dodged            |    28 |    50 ||    78
Block: Buckler           |       |     9 ||     9

Table legend: (Time is in decaauts)
 A = Elapsed time spent in this place.
 B = Non-inter-level travel time spent in this place.
 C = Inter-level travel time spent in this place.
 D = Time resting spent in this place.
 E = Time spent auto-exploring this place.
 F = Levels seen in this place.
 G = Mean time per level.
                   A        B        C        D        E       F      G
               +--------+--------+--------+--------+--------+-----+--------+
         Total |   1946 |   1860 |     86 |      0 |   1390 |   3 |  648.7 |
       Dungeon |   1946 |   1860 |     86 |      0 |   1390 |   3 |  648.7 |
               +--------+--------+--------+--------+--------+-----+--------+

Top non-repeatable levels by time:
     D:1: 1054 daAuts
     D:2: 810 daAuts
     D:3: 81 daAuts
